Map: Submarine LE

Players

imbacile - Winner!

  • Race: Terran Terran
  • League: Platinum
  • Spawn Location: 11:00

ChinaKungFlu

  • Race: Protoss Protoss
  • League: Platinum
  • Spawn Location: 5:00

VOD

Have the link to the VOD?

Description

Time

  • Played on: June 29, 2020, 9:33 a.m.
  • Length: 15:54
Show
View Real Time Build Order
Export as new Build Order

imbacile Terran - Winner!

Build Orders:  

Get SALT Encoding   

  12  0:00  SCV  
  13  0:12  SCV  
  14  0:18  Supply Depot  
  14  0:24  SCV  
  15  0:40  SCV  
  16  0:47  Barracks  
  16  1:00  Barracks  
  16  1:01  Supply Depot  
  16  1:05  SCV  
  17  1:17  SCV  
  18  1:33  SCV  
  19  1:41  Marine  
  19  1:45  SCV  
  21  1:47  Marine  
  21  1:53  Command Center  
  22  1:57  SCV  
  22  1:59  Marine  
  24  2:04  Supply Depot  
  24  2:06  Marine  
  25  2:11  SCV  
  26  2:20  Refinery  
  26  2:24  SCV  
  26  2:25  Marine  
  28  2:30  Marine  
  28  2:36  SCV  
  30  2:40  Refinery  
  30  2:43  Marine  
  31  2:48  Marine  
  32  3:01  Bunker, Marine  
  33  3:06  Marine  
  33  3:16  Bunker  
  33  3:18  Marine, SCV x2  
  36  3:24  Marine  
  33  3:30  SCV x2  
  32  3:45  Marine x2  
  31  4:03  Marine x2  
  33  4:20  Marine, SCV x2  
  33  4:21  Marine  
  37  4:31  Factory  
  37  4:32  SCV x2  
  37  4:35  Supply Depot  
  37  4:36  Ghost Academy  
  39  4:38  Marine x2  
  39  4:40  Engineering Bay  
  39  4:44  SCV x2  
  43  4:56  Marine x2, SCV  
  39  5:32  Missile Turret  
  39  5:34  Marine x2  
  39  5:52  Missile Turret, Marine x2  
  39  5:54  Personal Cloaking, Missile Turret  
  37  6:04  Orbital Command x2  
  37  6:08  Factory Tech Lab  
  37  6:11  Starport  
  37  6:14  Supply Depot  
  37  6:20  Barracks Tech Lab x2  
  37  6:23  Missile Turret  
  37  6:29  Siege Tank  
  40  6:34  SCV  
  40  6:35  SCV  
  42  6:49  SCV x2  
  42  6:50  Refinery  
  42  6:52  Medivac  
  46  6:58  Terran Infantry Weapons Level 1, Ghost Academy  
  47  7:01  SCV x2  
  48  7:12  Hellion  
  48  7:13  SCV  
  51  7:16  Supply Depot  
  52  7:22  SCV  
  52  7:25  SCV  
  52  7:26  Medivac  
  55  7:34  SCV  
  56  7:37  SCV  
  56  7:42  Engineering Bay  
  56  7:43  Siege Tank  
  60  7:47  Refinery, SCV  
  61  8:03  Medivac  
  63  8:06  Supply Depot  
  63  8:11  Command Center  
  63  8:15  Barracks  
  63  8:19  Barracks  
  63  8:22  Missile Turret  
  58  8:42  Missile Turret  
  58  8:48  Stimpack  
  58  8:50  Barracks Tech Lab  
  58  8:59  Bunker  
  58  9:02  Missile Turret  
  58  9:04  Ghost  
  58  9:06  Medivac  
  58  9:08  Siege Tank  
  65  9:13  Barracks Tech Lab  
  65  9:21  Barracks Tech Lab, Nuke x2  
  65  9:24  Ghost Academy  
  65  9:33  Ghost  
  65  9:36  Marauder  
  69  9:52  Missile Turret  
  69  9:54  Refinery, Missile Turret  
  69  9:55  Planetary Fortress  
  69  9:57  Marauder  
  69  9:58  Missile Turret x2  
  71  10:01  Missile Turret  
  71  10:03  Refinery  
  71  10:21  Marine x2  
  72  10:23  Viking  
  72  10:24  Siege Tank  
  72  10:26  Marauder  
  80  10:29  Marauder  
  82  10:35  Combat Shield  
  82  10:38  Marine, SCV x2  
  82  10:39  Marine  
  86  10:48  Concussive Shells  
  86  10:57  Marine  
  86  10:58  Marine x3  
  86  11:02  Siege Tank  
  93  11:15  Marine x2  
  93  11:16  Marine x2  
  97  11:31  Medivac  
  99  11:33  Marine x2  
  101  11:50  Marine x2  
  101  11:51  Marine x2  
  78  12:01  Medivac  
  78  12:08  Marine x2  
  75  12:47  Marine x4  
  79  12:51  Medivac  
  79  12:52  Siege Tank  
  81  13:04  Marine  
  81  13:05  Marauder x3  
  83  13:13  SCV x3  
  86  13:23  Marauder, Terran Infantry Armor Level 1  
  86  13:24  Siege Tank  
  86  13:25  SCV x3  
  86  13:26  Marauder x2  
  86  13:27  Marauder  
  100  13:31  Armory  
  100  13:37  Medivac, SCV x2  
  102  13:44  Marauder  
  104  13:50  Marine x2  
  107  13:56  Siege Tank  
  107  13:58  Ghost  
  111  14:07  Medivac  
  111  14:08  Marine x2  
  115  14:25  Ghost x2  
  115  14:26  Marine  
  115  14:27  Marine  
  115  14:28  Siege Tank  
  123  14:44  Marine  
  123  14:45  Marine  
  125  15:03  Marine  
  125  15:05  Marine  
  125  15:08  Marine  
  125  15:09  Marine  
  124  15:21  Marine  
  125  15:35  Marine x3  
Show
View Real Time Build Order
Export as new Build Order

ChinaKungFlu Protoss 

Build Orders: Dark Templar Rush 

Get SALT Encoding   

  1  0:00  Probe  
  13  0:15  Pylon  
  13  0:19  Probe  
  14  0:36  Gateway  
  14  0:43  Assimilator  
  14  0:47  Assimilator  
  13  0:52  Probe  
  14  0:58  Assimilator  
  14  1:10  Gateway  
  14  1:19  Probe  
  14  1:23  Pylon  
  15  1:34  Cybernetics Core  
  15  1:36  Probe  
  16  1:48  Probe  
  17  2:00  Probe  
  18  2:02  Adept  
  18  2:03  Stalker  
  18  2:12  Probe  
  23  2:24  Probe  
  24  2:31  Twilight Council  
  24  2:36  Probe  
  25  2:48  Probe  
  28  3:13  Stalker  
  28  3:16  Warp Gate  
  28  3:24  Pylon  
  27  3:40  Probe  
  26  3:48  Dark Shrine  
  23  4:35  Shield Battery  
  23  4:41  Probe  
  24  4:53  Pylon  
  24  4:58  Probe  
  23  5:09  Stalker  
  23  5:10  Pylon  
  18  5:27  Dark Templar  
  20  5:30  Probe  
  20  5:38  Probe  
  20  5:49  Dark Templar  
  22  6:05  Robotics Facility  
  22  6:06  Probe  
  23  6:15  Probe  
  24  6:23  Probe  
  24  6:31  Gateway  
  24  6:32  Probe  
  25  6:36  Pylon  
  26  6:53  Warp Prism  
  26  7:00  Probe  
  29  7:16  Probe  
  30  7:25  Pylon  
  30  7:30  Dark Templar  
  30  7:31  Dark Templar  
  34  7:38  Dark Templar  
  36  8:04  Dark Templar  
  36  8:05  Dark Templar  
  28  8:44  Dark Templar x2  
  32  8:49  Nexus  
  32  8:58  Probe  
  33  9:07  Probe  
  33  9:09  Sentry  
  35  9:15  Observer, Probe  
  38  9:25  Probe  
  39  9:31  Assimilator  
  39  9:35  Assimilator  
  39  9:39  Pylon  
  39  9:40  Stalker x3  
  39  9:42  Probe  
  46  10:00  Probe  
  46  10:02  Probe  
  48  10:08  Probe  
  48  10:12  Dark Templar  
  48  10:13  Observer  
  51  10:14  Probe  
  51  10:16  Probe  
  51  10:21  Stalker  
  55  10:28  Probe  
  56  10:46  Stargate  
  56  10:48  Probe  
  57  10:52  Probe  
  57  10:56  Probe  
  58  11:00  Observer  
  58  11:01  Probe  
  60  11:04  Probe  
  60  11:10  Probe  
  62  11:13  Stargate  
  63  11:21  Blink  
  62  11:45  Stalker  
  62  11:46  Stalker  
  65  11:48  Stalker  
  57  12:19  Fleet Beacon  
  47  12:24  Stargate  
  44  12:35  Stalker x3  
  42  12:39  Void Ray  
  34  13:03  Stalker  
  36  13:07  Stalker  
  36  13:11  Probe  
  37  13:20  Probe  
  38  13:30  Probe  
  38  13:32  Probe  
  40  13:40  Nexus  
  40  13:44  Probe  
  41  13:51  Carrier  
  47  14:02  Probe  
  47  14:05  Probe  
  49  14:10  Probe  
  49  14:12  Observer  
  49  14:15  Assimilator  
  50  14:17  Pylon, Probe  
  50  14:19  Probe  
  50  14:21  Pylon  
  53  14:24  Carrier  
  53  14:39  Assimilator  
  53  14:41  Probe  
  53  14:42  Probe  
  48  15:11  Zealot x2  
  48  15:12  Zealot  
Tags
 
Add a new tag
Caveats
  • Supply blocks, unpowered buildings, or Contaminate may cause inaccurate times.
  • Supply counts are checked every 10 seconds.